 Dungeon Crawl Stone Soup version 0.26-a0-1205-g4083c211ab (webtiles) character file.

Game seed: 2685274316468045380

71519 CurlyBrace the Unseen (level 14, -28/72 HPs)
             Began as a Felid Delver on Dec 29, 2020.
             Was a High Priest of Cheibriados.
             Annihilated by an alligator snapping turtle (38 damage)
             ... on level 4 of the Shoals.
             The game lasted 02:08:28 (9910 turns).

CurlyBrace the Unseen (Felid Delver)                Turns: 9910, Time: 02:08:29

Health: -28/72     AC:  7    Str: 26 (27) XL:     14   Next: 98%
Magic:  33/33      EV: 35    Int: 30      God:    Cheibriados [*****.]
Gold:   1134       SH:  0    Dex: 29      Spells: 7/29 levels left
                                        Lives:  0   Deaths: 4

rFire    . . .     SeeInvis +     - Unarmed
rCold    + + .     Faith    .   (shield unavailable)
rNeg     . . .     Spirit   .   (armour unavailable)
rPois    .         Reflect  .   (helmet unavailable)
rElec    .         Harm     .   (cloak unavailable)
rCorr    .         Rampage  .   (gloves unavailable)
Will     ++...                  (boots unavailable)
Stlth    +++++++...             G - amulet "Distos" {Regen+ Dex+2}
HPRegen  0.62/turn              d - ring of Neduatizuo {rC+ MP+9 Dex-5 Slay+2}
MPRegen  0.23/turn              e - +6 ring of strength

@: very slow
A: very small, no armour, no weapons or thrown items, stealth, claws 1, fangs 3,
slimy green scales 1, yellow scales 1, see invisible, agile 1, deterioration 1,
speed 1, low mp 1, shaggy fur 3, sharp paws
a: Renounce Religion, Bend Time, Temporal Distortion, Slouch, Step From Time


You were on level 4 of the Shoals.
You worshipped Cheibriados.
Cheibriados was extremely pleased with you.
You visited 6 branches of the dungeon, and saw 29 of its levels.
You also visited: Volcano.

You collected 2120 gold pieces.
You spent 986 gold pieces at shops.

Inventory:

Jewellery
 d - the ring of Neduatizuo (left paw) {rC+ MP+9 Dex-5 Slay+2}
   (You acquired it on level 2 of the Orcish Mines)

   [ring of magical power]

   It affects your dexterity (-5).
   It affects your accuracy and damage with ranged weapons and melee attacks
   (+2).
   It protects you from cold.
   It affects your magic capacity (+9).
 e - a +6 ring of strength (right paw)
   (You found it on level 6 of the Dungeon)
 f - an uncursed ring of fire
   (You found it on level 7 of the Dungeon)
 h - a +6 ring of dexterity
   (You found it on level 3 of the Dungeon)
 k - an uncursed amulet of magic regeneration
   (You found it on level 3 of the Lair of Beasts)
 G - the amulet "Distos" (around neck) {Regen+ Dex+2}
   (You found it on level 3 of the Shoals)

   [amulet of regeneration]

   It affects your dexterity (+2).
   It increases your rate of regeneration.
Wands
 m - a wand of flame (50) (quivered)
   (You took it off a gnoll on level 10 of the Dungeon)
 A - a wand of iceblast (14)
   (You found it on level 6 of the Lair of Beasts)
 C - a wand of acid (3)
   (You found it on level 4 of the Lair of Beasts)
 D - a wand of enslavement (4)
   (You found it on level 3 of the Lair of Beasts)
Scrolls
 a - 2 scrolls of fog
 i - 2 scrolls of noise
 j - a scroll of amnesia
 p - 2 scrolls of fear
 r - a scroll of identify
 x - 8 scrolls of remove curse
 z - 4 scrolls of magic mapping
 F - a scroll of holy word
Potions
 g - 2 potions of berserk rage
 l - 4 potions of brilliance
 n - a potion of resistance
 q - 3 potions of curing
 s - a potion of flight
 v - a potion of attraction
 E - a potion of lignification
Miscellaneous
 u - a condenser vane (inert)
   (You found it on level 2 of the Lair of Beasts)
 y - a lightning rod (3/4)
   (You found it on level 6 of the Lair of Beasts)


   Skills:
 - Level 14.0 Fighting
 - Level 14.0 Dodging
 - Level 15.0 Stealth
 + Level 14.7 Unarmed Combat
 - Level 8.0 Spellcasting
 - Level 1.0 Conjurations
 - Level 1.0 Summonings
 - Level 1.0 Necromancy
 - Level 2.0 Translocations
 - Level 10.0 Transmutations
 - Level 1.0 Earth Magic
 - Level 2.0 Poison Magic
 - Level 5.0 Invocations
 - Level 3.0 Evocations


You had 7 spell levels left.
You knew the following spells:

 Your Spells              Type           Power        Failure   Level
a - Apportation           Tloc           48%          1%          1
b - Pain                  Necr           72%          2%          1
c - Animate Skeleton      Necr           36%          2%          1
d - Summon Small Mammal   Summ           72%          2%          1
e - Stone Arrow           Conj/Erth      36%          9%          3
f - Mephitic Cloud        Conj/Pois/Air  18%          9%          3
g - Hydra Form            Tmut           32%          11%         6
h - Eringya's Noxious Bo  Tmut/Pois      24%          50%         6

Your spell library contained the following spells:

 Spells                   Type           Power        Failure   Level
 Foxfire                  Conj/Fire      60%          3%          1
 Shock                    Conj/Air       60%          3%          1
 Corona                   Hex            13%          4%          1
 Poisonous Vapours        Pois/Air       36%          4%          2
 Corpse Rot               Necr/Air       N/A          5%          2
 Vampiric Draining        Necr           9%           9%          3
 Conjure Flame            Conj/Fire      15%          11%         3
 Static Discharge         Conj/Air       15%          11%         3
 Animate Dead             Necr           9%           28%         4
 Summon Lightning Spire   Summ/Air       15%          34%         4
 Summon Forest            Summ/Tloc      10%          54%         5
 Agony                    Necr           18%          61%         5
 Fireball                 Conj/Fire      7%           67%         5
 Freezing Cloud           Conj/Ice/Air   6%           99%         6
 Summon Hydra             Summ           9%           100%        7


Dungeon Overview and Level Annotations

Branches:
Dungeon (15/15)            Temple (1/1) D:4            Lair (6/6) D:8
 Shoals (4/4) Lair:2        Snake (0/4) Lair:2        Slime (0/5) Lair:6
    Orc (2/2) D:9             Elf (1/3) Orc:2       Volcano (visited)
 Vaults: D:13-14     Depths: D:15

Altars:
Ashenzari
Cheibriados
Dithmenos
Elyvilon
Fedhas
Gozag
Hepliaklqana
Kikubaaqudgha
Makhleb
Nemelex Xobeh
Okawaru
Qazlal
Ru
Sif Muna
Trog
Uskayaw
Vehumet
Wu Jian
Xom
Yredelemnul
Zin
The Shining One
Beogh
Jiyva

Shops:
D:7 *   D:8 !}   D:13 [   Orc:2 *?

Annotations:
D:6 Grinder
D:9 exclusion: downstairs
D:11 Grum
D:14 exclusion: door
Shoals:2 Frances
Orc:1 Vuinn's ghost, journeyman OgIE


Innate Abilities, Weirdness & Mutations

You cannot wear armour.
You are incapable of wielding weapons or throwing items.
Your paws allow you to move quietly. (Stealth)
You have sharp claws.
You have razor-sharp teeth.
You have supernaturally acute eyesight. (SInv)
You cover ground quickly.
Your thick and shaggy fur keeps you warm. (AC +3, rC+)
Your sharp claws are effective at attacking unaware monsters.
You are partially covered in slimy green scales. (AC +2)
You are partially covered in yellow scales. (AC +2)
You are agile. (Dex +2)
Your body sometimes deteriorates upon taking damage.
Your magical capacity is low. (-10% MP)


Message History

The faun shoots a stone.
The stone completely misses you.
The merfolk javelineer throws a javelin.
The javelin pierces through you!
* * * LOW HITPOINT WARNING * * *
As you read the scroll of fog, it crumbles to dust.
The scroll dissolves into smoke.
The alligator snapping turtle is engulfed in noxious fumes.
The alligator snapping turtle closely misses you.
A merfolk aquamancer comes into view. It is wielding a +2 vampiric spear.
The faun gestures at you while chanting.
You resist with almost no effort.
Okay, then.
Okay, then.
Okay, then.
Okay, then.
Magic courses through your body.
The alligator snapping turtle is engulfed in noxious fumes.
The alligator snapping turtle bites you from afar!!!
Ouch! That really hurt!
You die...

≈≈≈,,,,,,,,,,,,≈≈≈≈≈,,,,,,,,,,,,,
≈,,,,,,,,...##...≈PP.Pm.,,,,,,,,,
≈,,,,**,,.m.#....P≈≈.PP.,,,,,,.*#
≈,,,,**,,*.m......P≈P.c.,,,.m##.#
≈≈,,,**,,**#.......≈≈..#,,,..,.E#
≈,,,,,,,,,,*#.....≈≈≈≈.#*,,..m,..
≈,,,,,,,,,,**#§§§≈≈≈≈≈.P*,,.φ([,#
≈≈,,,,,,,,,* #§§§§≈≈≈≈.P,,,....[*
≈≈≈≈,,,,,,,* *#§@§§≈≈≈m.*,,...[))
≈≈≈,,,,,,,,** #°§○§≈≈≈..*,*#..[[)
≈,≈,,,,,,,,,**#§t.≈≈≈≈..**,.P..m.
*,*,,,,,,,,,,,...○≈≈≈...,,,.P....
,,*,,,,,,,,,,....≈≈≈≈...,,,......
,,*,,,,,,,,,.....≈≈≈≈...,,,......
,,,,*,,,,,,.......≈≈≈≈..,,,......
,,,,*,,,,,........≈≈≈..#***.....m
,,,,,,*,,,,,,,,,,,≈≈,*,,,,*#.....


You could see an alligator snapping turtle (corroded), a merfolk aquamancer and
a faun.

Vanquished Creatures
  The ghost of Enucirho the Slingshot, an adept HaHu of Cheibriados (Shoals:3)
  Kirke (Lair:6)
  A red draconian (Volcano)
  4 merfolk javelineers (Shoals:4)
  The ghost of Mexzic the Blocker, a journeyman TeCj of Vehumet (Lair:4)
  Josephine (Orc:2)
  A merfolk impaler (Shoals:2)
  A boulder beetle (D:14)
  6 hydras
  Erolcha (D:13)
  2 merfolk avatars (Shoals:2)
  3 catoblepae
  An anaconda (Lair:6)
  5 two-headed ogres
  2 centaur warriors
  4 merfolk aquamancers (Shoals:4)
  2 satyrs (Shoals:4)
  6 death yaks (Lair:5)
  6 orc high priests
  A sea snake (Shoals:4)
  A lindwurm (Lair:6)
  An oklob plant (Lair:5)
  5 harpies
  3 orc knights
  4 orc sorcerers (Orc:2)
  11 manticores
  6 ugly things (D:14)
  2 cyclopes
  A faun (Shoals:4)
  2 deep elf magi (D:14)
  5 elephants (Lair:5)
  2 water nymphs
  A black mamba (shapeshifter) (D:14)
  3 black mambas
  4 merfolk sirens
  Maurice (D:8)
  3 gargoyles
  2 centaur zombies
  9 cane toads
  9 komodo dragons
  A rime drake (shapeshifter) (D:10)
  A rime drake (Lair:3)
  A yaktaur (Volcano)
  8 merfolk
  3 meliai (D:12)
  A polar bear (Lair:3)
  2 hornets
  4 wind drakes
  A hornet (shapeshifter) (D:14)
  14 blink frogs
  7 snapping turtles
  A redback (shapeshifter) (D:13)
  Sigmund (D:2)
  3 wyverns
  13 wraiths
  56 yaks
  4 water elementals
  4 fire bats (Volcano)
  3 hogs (Lair:6)
  A basilisk (Lair:3)
  A steam dragon (Lair:4)
  8 vampire mosquitoes (D:13)
  2 wargs
  A soldier ant (shapeshifter) (D:14)
  A soldier ant (D:11)
  An acid dragon (D:13)
  A water moccasin (shapeshifter) (D:13)
  12 water moccasins
  3 ice beasts
  25 orc warriors
  2 sky beasts
  An eye of draining (D:13)
  6 ogres
  A necrophage (D:14)
  A phantom (D:4)
  6 wolves (Lair:4)
  13 centaurs
  11 bullfrogs
  6 big kobolds
  2 gnoll sergeants
  2 scorpions
  10 killer bees
  13 wights
  A howler monkey (D:6)
  2 quasits (D:9)
  7 lava snakes (Volcano)
  18 orc priests
  6 hounds
  6 centaur skeletons
  4 jellies
  14 orc wizards
  A bullfrog skeleton (D:13)
  Terence (D:2)
  Natasha (D:2)
  3 iguanas
  7 hell rats (Lair:3)
  9 worker ants
  A hound zombie (D:9)
  Robin (D:3)
  13 gnolls
  17 adders
  A white imp (D:5)
  An ufetubus (D:7)
  2 adder zombies
  A worm (D:3)
  A dart slug (D:2)
  2 leopard geckos
  79 orcs
  5 bats
  5 giant cockroaches
  19 goblins
  17 hobgoblins
  5 jackals
  3 quokkas
  2 ball pythons
  7 frilled lizards
  A giant cockroach zombie (D:5)
  A jackal zombie (D:6)
  35 kobolds
  4 rats
686 creatures vanquished.

Vanquished Creatures (collateral kills)
  An orc sorcerer (Orc:1)
  A water elemental (Shoals:4)
  A warg (Orc:1)
  An orc warrior (Orc:2)
  An ogre (Orc:1)
  An orc priest (Orc:2)
  An orc wizard (Orc:1)
  5 gnolls
  2 orcs (Orc:2)
14 creatures vanquished.

Vanquished Creatures (others)
  A satyr (Shoals:4)
  A manticore (Shoals:4)
  An orc warrior (Orc:2)
  30 fungi
  98 plants
131 creatures vanquished.

Grand Total: 831 creatures vanquished

Notes
Turn   | Place    | Note
-------+----------+-------------------------------------------
     0 | D:5      | CurlyBrace the Felid Delver began the quest for the Orb.
     0 | D:5      | Reached XP level 1. HP: 10/10 MP: 2/2
     1 | D:6      | Noticed a bullfrog
    12 | D:6      | Killed a bullfrog
    13 | D:6      | Reached skill level 7 in Stealth
    13 | D:6      | Reached XP level 2. HP: 3/14 MP: 3/3
    13 | D:6      | Reached XP level 3. HP: 3/17 MP: 4/4
    39 | D:6      | Reached XP level 4. HP: 18/21 MP: 5/5
    53 | D:6      | Found a shimmering altar of Xom.
    56 | D:6      | Noticed a sky beast
   102 | D:5      | Noticed an orc warrior
   116 | D:5      | Noticed a sky beast
   134 | D:5      | Reached XP level 5. HP: 25/25 MP: 6/6
   200 | D:5      | Killed from afar by a white imp
   201 | D:5      | Reached XP level 4. HP: -1/22 MP: 5/5
   202 | D:5      | You fall into a shaft and drop 1 floor!
   236 | D:7      | Noticed a big kobold
   255 | D:7      | Killed a big kobold
   256 | D:7      | Reached XP level 5. HP: 25/25 MP: 6/6
   329 | D:7      | Gained mutation: You are covered in thick fur. (AC +2)
                  | [Felid growth]
   329 | D:7      | Reached XP level 6. HP: 18/30 MP: 7/7
   358 | D:7      | Found Zin's Purification Station.
   360 | D:7      | Found a glowing silver altar of Zin.
   533 | D:6      | Reached skill level 5 in Fighting
   533 | D:6      | Reached skill level 5 in Unarmed Combat
   562 | D:6      | Noticed Grinder
   565 | D:6      | Paralysed by Grinder for 2 turns
   609 | D:6      | Reached skill level 5 in Dodging
   611 | D:6      | Learned a level 1 spell: Animate Skeleton
   718 | D:6      | Reached XP level 7. HP: 27/33 MP: 8/8
   960 | D:3      | Noticed Natasha
   975 | D:2      | Killed Natasha
  1023 | D:4      | Found a staircase to the Ecumenical Temple.
  1031 | Temple   | Entered the Ecumenical Temple
  1043 | Temple   | Became a worshipper of Cheibriados the Contemplative
  1182 | D:3      | Found a sparkling altar of Nemelex Xobeh.
  1182 | D:3      | Found a stormy altar of Qazlal.
  1182 | D:3      | Found a shadowy altar of Dithmenos.
  1182 | D:3      | Found a broken altar of Ashenzari.
  1182 | D:3      | Found an iron altar of Okawaru.
  1202 | D:3      | Noticed Robin
  1234 | D:3      | Killed Robin
  1235 | D:3      | Reached * piety under Cheibriados
  1356 | D:2      | Noticed Terence
  1361 | D:2      | Killed Terence
  1535 | D:2      | Reached ** piety under Cheibriados
  1637 | D:2      | Noticed Sigmund
  1646 | D:2      | Killed Sigmund
  1647 | D:2      | Reached XP level 8. HP: 39/39 MP: 9/9
  2126 | D:1      | Reached *** piety under Cheibriados
  2179 | D:1      | Gained mutation: Your magical capacity is low. (-10% MP)
                  | [potion of mutation]
  2179 | D:1      | Gained mutation: Your spells are a little easier to cast,
                  | but a little less powerful. [potion of mutation]
  2179 | D:1      | Gained mutation: You have a pair of small antennae on your
                  | head. [potion of mutation]
  2497 | D:5      | Reached skill level 1 in Spellcasting
  2497 | D:5      | Reached skill level 1 in Necromancy
  2499 | D:5      | Learned a level 1 spell: Pain
  2561 | D:5      | Found a broken altar of Ashenzari.
  2627 | D:7      | Learned a level 6 spell: Hydra Form
  2787 | D:8      | Found a staircase to the Lair.
  2870 | D:9      | Reached **** piety under Cheibriados
  2908 | D:10     | Entered Level 10 of the Dungeon
  2909 | D:10     | Found a hazy altar of Hepliaklqana.
  2923 | D:10     | Reached XP level 9. HP: 23/43 MP: 11/11
  2932 | D:10     | Reached skill level 1 in Transmutations
  2944 | D:10     | Noticed a two-headed ogre
  2954 | D:9      | Reached skill level 1 in Evocations
  2984 | D:9      | Reached skill level 1 in Invocations
  3162 | D:8      | Found Qoukhlou's Gadget Emporium.
  3175 | D:8      | Found Vadyijoe's Distillery.
  3230 | D:8      | Bought a potion of heal wounds for 75 gold pieces
  3230 | D:8      | Bought a potion of invisibility for 120 gold pieces
  3249 | Lair:1   | Entered Level 1 of the Lair of Beasts
  3290 | D:8      | Reached ***** piety under Cheibriados
  3291 | D:8      | Reached skill level 8 in Stealth
  3310 | D:8      | Noticed Maurice
  3317 | D:8      | Killed Maurice
  3318 | D:8      | Reached XP level 10. HP: 25/49 MP: 13/13
  3472 | D:9      | Found a staircase to the Orcish Mines.
  3490 | Orc:1    | Entered Level 1 of the Orcish Mines
  3603 | Orc:1    | Noticed a cyclops
  3616 | Orc:1    | Killed a cyclops
  3620 | Orc:1    | Noticed an orc sorcerer
  3628 | Orc:1    | Killed an orc sorcerer
  3634 | Orc:1    | Killed an orc warrior
  3635 | Orc:1    | Reached skill level 9 in Stealth
  3663 | Orc:1    | Noticed an orc knight
  3683 | Orc:2    | Entered Level 2 of the Orcish Mines
  3755 | Orc:1    | Killed an orc knight
  3801 | Orc:1    | Noticed an orc high priest
  3937 | Orc:2    | Reached ****** piety under Cheibriados
  4042 | Orc:2    | Noticed Josephine
  4075 | Orc:2    | Found Otyam's Magic Scroll Shoppe.
  4078 | Orc:2    | Found Dasoott's General Store.
  4094 | Orc:2    | Noticed an orc knight
  4135 | Orc:2    | Noticed an orc high priest
  4200 | Orc:2    | Killed an orc high priest
  4214 | Orc:2    | Reached XP level 11. HP: 53/53 MP: 13/16
  4235 | Orc:2    | Killed an orc knight
  4321 | Orc:2    | Noticed an orc sorcerer
  4321 | Orc:2    | Noticed a soul eater
  4343 | Orc:2    | Killed an orc sorcerer
  4354 | Orc:2    | Noticed an orc knight
  4364 | Orc:2    | Noticed an orc high priest
  4448 | Orc:2    | Killed an orc high priest
  4449 | Orc:2    | Reached skill level 10 in Stealth
  4464 | Orc:2    | Reached skill level 10 in Fighting
  4464 | Orc:2    | Reached skill level 10 in Unarmed Combat
  4497 | Orc:2    | Killed Josephine
  4509 | Orc:2    | Found a roughly hewn altar of Beogh.
  4683 | Orc:2    | Reached skill level 10 in Dodging
  4718 | Orc:2    | Found a staircase to the Elven Halls.
  4740 | Elf:1    | Entered Level 1 of the Elven Halls
  4740 | Elf:1    | Noticed a deep elf mage
  4740 | Elf:1    | Noticed a deep elf mage
  4740 | Elf:1    | Noticed a deep elf mage
  4741 | Elf:1    | Noticed a deep elf mage
  4778 | Orc:2    | Bought a scroll of acquirement for 676 gold pieces
  4791 | Orc:2    | Noticed an orc sorcerer
  4815 | Orc:2    | Noticed an orc sorcerer
  4815 | Orc:2    | Noticed an orc knight
  4819 | Orc:2    | Killed an orc sorcerer
  4839 | Orc:2    | Killed an orc knight
  4875 | Orc:2    | Noticed an orc high priest
  4882 | Orc:2    | Noticed an orc high priest
  4883 | Orc:2    | Killed an orc high priest
  4889 | Orc:2    | Killed an orc high priest
  5024 | Orc:2    | Bought a scroll of blinking for 82 gold pieces
  5024 | Orc:2    | Bought a scroll of teleportation for 33 gold pieces
  5067 | Orc:2    | Killed an orc high priest
  5141 | Orc:1    | Noticed an orc sorcerer
  5141 | Orc:1    | Noticed an orc sorcerer
  5142 | Orc:1    | Noticed a soul eater
  5189 | Orc:2    | Killed an orc sorcerer
  5190 | Orc:2    | Reached skill level 11 in Stealth
  5190 | Orc:2    | Gained mutation: Your thick and shaggy fur keeps you warm.
                  | (AC +3, rC+) [Felid growth]
  5190 | Orc:2    | Reached XP level 12. HP: 49/58 MP: 17/17
  5236 | Orc:1    | Found a roughly hewn altar of Beogh.
  5236 | Orc:1    | Noticed an orc high priest
  5295 | Orc:1    | HP: 1/60 [sixfirhy[an orc high priest] (10)]
  5296 | Orc:1    | Killed an orc high priest
  5321 | Orc:1    | Found a large runed translucent door.
  5321 | Orc:1    | Found a large runed translucent door.
  5322 | Orc:1    | Noticed Vuinn's ghost (journeyman OgIE)
  5667 | D:13     | Noticed Erolcha
  5678 | D:13     | Noticed a two-headed ogre
  5684 | D:13     | Noticed a vault guard
  5684 | D:13     | Noticed a centaur warrior
  5685 | D:13     | Killed from afar by a gargoyle
  5686 | D:13     | Reached XP level 11. HP: -4/55 MP: 16/16
  5686 | D:13     | Noticed a two-headed ogre
  5698 | D:13     | Killed a two-headed ogre
  5715 | D:13     | Killed a two-headed ogre
  5783 | D:13     | Found Byikk's Armour Shop.
  5879 | D:13     | Killed Erolcha
  5920 | D:12     | Reached skill level 5 in Transmutations
  6038 | D:13     | Noticed a two-headed ogre
  6068 | D:14     | Acquired the ring of Neduatizuo {rC+ MP+9 Dex-5 Slay+2}
  6082 | D:14     | Reached XP level 12. HP: 59/61 MP: 17/17
  6116 | D:14     | Reached skill level 5 in Invocations
  6133 | D:14     | Reached skill level 12 in Stealth
  6171 | D:15     | Entered Level 15 of the Dungeon
  6284 | D:14     | Noticed a boulder beetle
  6321 | D:14     | Killed a boulder beetle
  6352 | D:14     | Found a hide-covered altar of Uskayaw.
  6607 | D:13     | Killed a centaur warrior
  6617 | D:13     | HP: 3/61 [two-headed ogre/+0 giant club (17)]
  6619 | D:13     | Killed a two-headed ogre
  6652 | D:13     | Mangled by a manticore
  6653 | D:13     | Reached XP level 11. HP: -13/57 MP: 25/25
  6811 | D:13     | Reached XP level 12. HP: 61/61 MP: 17/17
  6934 | D:12     | Lost mutation: Your spells are a little easier to cast, but
                  | a little less powerful. [potion of mutation]
  6934 | D:12     | Lost mutation: Your magical capacity is low. (-10% MP)
                  | [potion of mutation]
  6934 | D:12     | Lost mutation: You have a pair of small antennae on your
                  | head. [potion of mutation]
  6934 | D:12     | Gained mutation: You are agile. (Dex +2) [potion of
                  | mutation]
  6934 | D:12     | Gained mutation: You are partially covered in slimy green
                  | scales. (AC +2) [potion of mutation]
  6934 | D:12     | Gained mutation: You are partially covered in yellow
                  | scales. (AC +2) [potion of mutation]
  6945 | D:11     | Noticed Grum
  7116 | D:10     | Learned a level 1 spell: Apportation
  7131 | D:10     | Noticed a two-headed ogre
  7139 | D:10     | Killed a two-headed ogre
  7159 | D:10     | Killed a two-headed ogre
  7160 | D:10     | Reached skill level 1 in Translocations
  7255 | D:9      | Found a burning altar of Makhleb.
  7255 | D:9      | Noticed an Executioner
  7391 | Lair:2   | Found a dark tunnel.
  7404 | Volcano  | Entered a volcano
  7449 | Volcano  | Reached skill level 13 in Stealth
  7493 | Volcano  | Noticed a centaur warrior
  7496 | Volcano  | Noticed a red draconian
  7505 | Volcano  | Killed a centaur warrior
  7527 | Volcano  | Killed a red draconian
  7535 | Volcano  | Found a radiant altar of Vehumet.
  7549 | Volcano  | Reached skill level 5 in Spellcasting
  7549 | Volcano  | Reached XP level 13. HP: 66/66 MP: 21/21
  7608 | Lair:2   | Found a staircase to the Snake Pit.
  7902 | Lair:5   | Reached XP level 14. HP: 70/70 MP: 22/22
  7971 | Lair:6   | Entered Level 6 of the Lair of Beasts
  8080 | Lair:6   | Noticed Kirke
  8100 | Lair:6   | Killed Kirke
  8215 | Lair:6   | Found a viscous altar of Jiyva.
  8215 | Lair:6   | Found a staircase to the Slime Pits.
  8221 | Lair:6   | Gained mutation: Your magical capacity is low. (-10% MP)
                  | [mutagenic glow]
  8230 | Lair:6   | Gained mutation: Your body sometimes deteriorates upon
                  | taking damage. [mutagenic glow]
  8332 | Lair:6   | Slain by a dire elephant
  8333 | Lair:6   | Reached XP level 13. HP: -4/87 MP: 25/28
  8425 | Lair:5   | Reached skill level 14 in Stealth
  8573 | Lair:4   | Learned a level 6 spell: Eringya's Noxious Bog
  8581 | Lair:4   | Noticed Mexzic's ghost (journeyman TeCj)
  8599 | Lair:4   | Found a runed translucent door.
  8615 | Lair:4   | Killed Mexzic's ghost
  8677 | Lair:4   | Reached skill level 1 in Poison Magic
  8976 | Lair:2   | Found a white marble altar of Elyvilon.
  9002 | Lair:2   | Reached XP level 14. HP: 57/72 MP: 22/22
  9103 | Lair:2   | Found a staircase to the Shoals.
  9165 | Shoals:1 | Entered Level 1 of the Shoals
  9221 | Shoals:1 | Learned a level 3 spell: Stone Arrow
  9223 | Shoals:1 | Learned a level 1 spell: Summon Small Mammal
  9361 | Shoals:2 | Reached skill level 1 in Conjurations
  9361 | Shoals:2 | Reached skill level 1 in Summonings
  9376 | Shoals:2 | Reached skill level 1 in Earth Magic
  9419 | Shoals:2 | Learned a level 3 spell: Mephitic Cloud
  9494 | Shoals:2 | Noticed Frances
  9624 | Shoals:3 | Found a runed translucent door.
  9625 | Shoals:3 | Noticed Enucirho's ghost (adept HaHu)
  9670 | Shoals:3 | Killed Enucirho's ghost
  9672 | Shoals:3 | Identified Ilelarem's Guide on Cloudy Flames
  9676 | Shoals:3 | Got a clouded ivory amulet
  9677 | Shoals:3 | Identified the amulet "Distos" {Regen+ Dex+2} (You found it
                  | on level 3 of the Shoals)
  9727 | Shoals:4 | Entered Level 4 of the Shoals
  9769 | Shoals:4 | Reached skill level 10 in Transmutations
  9835 | Shoals:4 | Reached skill level 15 in Stealth
  9893 | Shoals:4 | HP: 3/72 [merfolk javelineer/silver javelin (2)]
  9910 | Shoals:4 | Annihilated by an alligator snapping turtle

Illustrated notes

Levels and vault maps discovered:
D:1:      dpeg_arrival_boxorama, layout_basic
D:2:      layout_basic, uniq_sigmund, uniq_terence
D:3:      corexii_shack_village, layout_rooms, grunt_temple_overflow_open,
          uniq_robin, uniq_natasha
D:4:      layout_basic, minmay_temple_entry_waves
D:5:      layout_rooms, basic_altar
D:6:      cheibrodos_two_vegetables, layout_basic, old_standard_altar,
          uniq_grinder
D:7:      layout_basic, zin_purify
D:8:      layout_layer_cave, lair_entry_dummy, serial_shops, shop, shop,
          uniq_maurice
D:9:      layout_roguey [special_room_orc], david_orc_2,
          makhleb_altar_promises_db
D:10:     layout_gridville, basic_altar
D:11:     layout_cave_pools, uniq_erica, uniq_grum
D:12:     layout_stronghold
D:13:     layout_roguey, grunt_vaults_entry_fortified, serial_shops, shop,
          kennysheep_donut, kennysheep_generic_room_14, uniq_erolcha
D:14:     layout_basic, basic_altar, chequers_mini_garden, dk_noncrumbling_4
D:15:     hangedman_depths_entry_civil_slaughter, layout_layer_cave,
          serial_co_window_serial, co_window_corner_a, co_window_paths_a,
          co_window_paths_a, co_window_paths_b, co_window_corner_a,
          co_window_paths_a, co_window_broadway_b, co_window_broadway_a,
          co_window_unsneaky_path_b, co_window_paths_c, co_window_corner_b,
          co_window_4corner_b
Temple:   nicolae_temple_no_exploring_needed
Lair:1:   layout_regular_city, minivault_26
Lair:2:   layout_big_grid, minmay_shoals_entry_centaurs,
          minmay_snake_entry_six_corridors, gauntlet_entry_generic,
          nicolae_volcano_entry_lava_flow, amcnicky_altar_gilded
Lair:3:   layout_layer_cave
Lair:4:   layout_loops_ring, basic_altar, hellmonk_ghost_happy_afterlife,
          grunt_forest_small_clearing_treed
Lair:5:   layout_loops_ring, nicolae_lair_yak_garden
Lair:6:   due_jungle_book, layout_regular_city, slime_altar_1,
          serial_bayou_shore_b, lemuel_fruit_tree, uniq_kirke
Shoals:1: layout_shoals, gammafunk_ghost_split
Shoals:2: nzn_motion_control, layout_shoals, uniq_frances
Shoals:3: layout_shoals, gammafunk_ghost_grave, uniq_ilsuiw
Shoals:4: shoals_end_grunt_garden, layout_shoals, shoals_ilsuiw_alternative
Orc:1:    layout_caves, ebering_ghost_disaster_area, kennysheep_orc_chapel
Orc:2:    pf_orc_diabolical, layout_diamond_mine, bh_open_orc_temple,
          uniq_josephine
Elf:1:    eino_elf_arrival_customs, layout_loops_ring,
          minmay_elf_crystal_hexagon

Skill      XL: |  1  2  3  4  5  6  7  8  9 10 11 12 13 14 |
---------------+-------------------------------------------+-----
Dodging        | 3 4 5 6 7 8 9 12 14 13 | 14.0
Stealth        | 7 8 9 11 13 14 15 | 15.0
Unarmed Combat | 3 4 5 6 7 8 9 10 13 14 | 14.7
Fighting       | 4 5 6 7 8 9 10 13 14 | 14.0
Spellcasting   | 1 2 3 4 5 6 8 |  8.0
Necromancy     | 1 |  1.0
Transmutations | 3 4 5 8 9 10 | 10.0
Evocations     | 1 2 3 |  3.0
Invocations    | 2 3 4 5 |  5.0
Translocations | 1 2 |  2.0
Poison Magic   | 1 2 |  2.0
Conjurations   | 1 |  1.0
Summonings     | 1 |  1.0
Earth Magic    | 1 |  1.0

Action                   |  1- 3 |  4- 6 |  7- 9 | 10-12 | 13-15 || total
-------------------------+-------+-------+-------+-------+-------++-------
Melee: Unarmed           |    15 |   120 |   287 |   700 |   357 ||  1479
       Bite              |       |    11 |    33 |   134 |     8 ||   186
       Punch             |       |     2 |    11 |    82 |    12 ||   107
 Cast: Pain              |       |       |     4 |       |       ||     4
       Animate Skeleton  |       |       |       |    16 |     1 ||    17
       Hydra Form        |       |       |       |     1 |    24 ||    25
       Apportation       |       |       |       |       |    13 ||    13
       Mephitic Cloud    |       |       |       |       |     3 ||     3
       Stone Arrow       |       |       |       |       |     3 ||     3
Invok: Slouch            |       |       |     1 |    11 |     7 ||    19
 Abil: End Transformatio |       |       |       |       |     3 ||     3
Evoke: Wand              |       |       |    13 |    45 |    26 ||    84
       Lightning rod     |       |       |       |       |     3 ||     3
       Condenser vane    |       |       |       |       |     2 ||     2
  Use: Potion            |     1 |     2 |     5 |    11 |     8 ||    27
       Scroll            |     1 |     5 |     7 |    23 |    14 ||    50
 Stab: Sleeping          |     1 |    11 |    41 |    21 |    27 ||   101
       Betrayed ally     |       |       |     1 |     2 |       ||     3
       Paralysed         |       |       |     2 |     5 |       ||     7
       Distracted        |       |       |       |     6 |       ||     6
       Invisible         |       |       |       |     2 |       ||     2
       Petrified         |       |       |       |       |     2 ||     2
       Confused          |       |       |       |       |     1 ||     1
Armor: Skin              |       |     4 |    10 |    23 |    47 ||    84
Dodge: Dodged            |    13 |   105 |   237 |   665 |   301 ||  1321

Table legend: (Time is in decaauts)
 A = Elapsed time spent in this place.
 B = Non-inter-level travel time spent in this place.
 C = Inter-level travel time spent in this place.
 D = Time resting spent in this place.
 E = Time spent auto-exploring this place.
 F = Levels seen in this place.
 G = Mean time per level.
                   A        B        C        D        E       F      G
               +--------+--------+--------+--------+--------+-----+--------+
         Total |  13967 |  13870 |     97 |      0 |      0 |  30 |  465.6 |
       Dungeon |   7166 |   7087 |     79 |      0 |      0 |  15 |  477.7 |
        Temple |     19 |     12 |      7 |      0 |      0 |   1 |   19.0 |
          Lair |   2713 |   2713 |      0 |      0 |      0 |   6 |  452.2 |
        Shoals |   1139 |   1139 |      0 |      0 |      0 |   4 |  284.8 |
  Orcish Mines |   2682 |   2672 |     10 |      0 |      0 |   2 | 1341.0 |
   Elven Halls |      1 |      1 |      0 |      0 |      0 |   1 |    1.0 |
       Volcano |    244 |    244 |      0 |      0 |      0 |   1 |  244.0 |
               +--------+--------+--------+--------+--------+-----+--------+

Top non-repeatable levels by time:
   Orc:2: 2119 daAuts
    D:13: 851 daAuts
     D:9: 825 daAuts
     D:2: 726 daAuts
  Lair:6: 684 daAuts
    D:14: 648 daAuts
     D:8: 568 daAuts
   Orc:1: 562 daAuts
    D:10: 526 daAuts
  Lair:4: 521 daAuts
  Lair:2: 501 daAuts
     D:7: 488 daAuts
Shoals:2: 462 daAuts
  Lair:3: 461 daAuts
  Lair:5: 461 daAuts
